 Dungeon Crawl Stone Soup version 0.30-a0-840-ga523dec638 (webtiles) character file.

Game seed: 11331516945728020690

1191 Jase the Thaumaturge (level 8, -7/100 HPs)
             Began as a Gnoll Wanderer on Dec 30, 2022.
             Was an Initiate of Dithmenos.
             Mangled by an orc warrior
             ... wielding a +0 battleaxe
              (9 damage)
             ... on level 6 of the Dungeon on Mar 1, 2023.
             The game lasted 00:17:39 (4911 turns).

Jase the Thaumaturge (Gnoll Wanderer)               Turns: 4911, Time: 00:17:39

Health: -7/100     AC:  6    Str: 12    XL:     8   Next: 43%
Magic:  14/23      EV: 12    Int: 15    God:    Dithmenos [......]
Gold:   392        SH:  0    Dex: 10    Spells: 29/30 levels left

rFire   + . .      SeeInvis .    a - +1 dagger (drain)
rCold   + . .      Faith    .    (no shield)
rNeg    . . .      Spirit   .    d - +0 robe
rPois   .          Reflect  .    E - +1 hat
rElec   .          Harm     .    A - scarf {rC+ rF+}
rCorr   .          Rampage  .    j - +1 pair of gloves
Will    .....                    G - +0 pair of boots Stlth
                                 (no amulet)
HPRegen 0.36/turn                (no ring)
MPRegen 0.18/turn                (no ring)

@: berserking, very quick
A: fangs 1, strong nose, distributed training
a: Renounce Religion


You were on level 6 of the Dungeon.
You worshipped Dithmenos.
Dithmenos was noncommittal.
You visited 2 branches of the dungeon, and saw 7 of its levels.

You collected 392 gold pieces.

Inventory:

Hand Weapons
 a - a +1 dagger of draining (weapon)
 b - a +0 sling of flaming
 D - a +1 flail of holy wrath
Missiles
 s - 16 poisoned darts
 y - 5 javelins
 z - 6 boomerangs
Armour
 d - a +0 robe (worn)
 j - a +1 pair of gloves (worn)
 A - a scarf of resistance (worn)
 E - a +1 hat (worn)
 G - a +0 pair of boots (worn)
Wands
 n - a wand of mindburst (6)
Scrolls
 e - 2 scrolls of fog
 f - 2 scrolls of vulnerability
 g - a scroll of brand weapon
 l - a scroll of summoning {unknown}
 m - 2 scrolls of enchant armour
 p - a scroll of poison {unknown}
 r - a scroll of enchant weapon {unknown}
 t - a scroll of noise {unknown}
 x - a scroll of teleportation {unknown}
 B - a scroll of amnesia {unknown}
 C - a scroll of magic mapping {unknown}
Potions
 c - 4 potions of curing
 h - a potion of berserk rage
 i - 2 potions of ambrosia {unknown}
 o - 4 potions of lignification {unknown}
 q - 3 potions of haste {unknown}
 u - a potion of invisibility
 w - 2 potions of flight {unknown}
 F - 2 potions of attraction {unknown}
 H - 2 potions of mutation {unknown}


   Skills:
 + Level 7.4 Fighting
 + Level 3.4 Short Blades
 + Level 3.4 Long Blades
 + Level 3.4 Axes
 + Level 3.4 Maces & Flails
 + Level 3.4 Polearms
 + Level 3.4 Staves
 + Level 3.4 Ranged Weapons
 + Level 3.4 Throwing
 + Level 4.3 Armour
 + Level 3.4 Dodging
 + Level 3.4 Stealth
 + Level 3.4 Shields
 + Level 3.4 Unarmed Combat
 + Level 11.8 Spellcasting
 + Level 2.7 Conjurations
 + Level 2.7 Hexes
 + Level 2.7 Summonings
 + Level 2.7 Necromancy
 + Level 2.7 Translocations
 + Level 2.7 Transmutations
 + Level 2.7 Fire Magic
 + Level 2.7 Ice Magic
 + Level 2.7 Air Magic
 + Level 2.7 Earth Magic
 + Level 2.7 Poison Magic
 + Level 3.7 Invocations
 + Level 3.4 Evocations


You had 29 spell levels left.
You knew the following spells:

 Your Spells              Type           Power      Damage    Failure   Level
a - Foxfire               Conj/Fire      68%        2x1d7     2%          1

Your spell library contained the following spells:

 Spells                   Type           Power      Damage    Failure   Level
 Freeze                   Ice            68%        1d8       2%          1
 Magic Dart               Conj           68%        1d6       2%          1
 Slow                     Hex            68%        N/A       2%          1
 Summon Small Mammal      Summ           68%        N/A       2%          1
 Static Discharge         Conj/Air       34%        2-4/arc   3%          2
 Confusing Touch          Hex            17%        N/A       8%          3
 Frozen Ramparts          Ice            34%        1d6       8%          3
 Hailstorm                Conj/Ice       17%        3d6       8%          3
 Vampiric Draining        Necr           17%        2d7       8%          3
 Vhi's Electric Charge    Tloc/Air       34%        N/A       8%          3
 Arcjolt                  Conj/Air       8%         1d18      56%         5
 Lightning Bolt           Conj/Air       8%         1d21      56%         5


Dungeon Overview and Level Annotations

Branches:
Dungeon (6/15)             Temple (1/1) D:4

Altars:
Ashenzari
Cheibriados
Dithmenos
Elyvilon
Fedhas
Gozag
Hepliaklqana
Kikubaaqudgha
Nemelex Xobeh
Okawaru
Sif Muna
Trog
Uskayaw
Vehumet
Wu Jian
Xom
Yredelemnul
Zin
The Shining One


Innate Abilities, Weirdness & Mutations

You have very sharp teeth.
Your uncanny sense of smell can sniff out nearby items.
Your experience applies equally to all skills.


Message History

Casting: Foxfire (safe; 2% risk of failure)
Confirm with . or Enter, or press ? or * to list all spells.
You conjure some foxfire!
The foxfire hits the orc warrior but does no damage.
The orc warrior is heavily wounded.
The foxfire hits the ice beast.
The ice beast melts!
The ice beast is heavily wounded.
The orc warrior hits you with a +0 battleaxe!
* * * LOW HITPOINT WARNING * * *
The orc warrior hits your foxfire with a +0 battleaxe!
The orc closely misses you. The ice beast barely misses you.
Unknown command.
Okay, then.
Okay, then.
Okay, then.
Unknown command.
Hit: a) +1 dagger (drain)
Press: ? - help, Dir - move target, f - orc warrior
Aim: an orc warrior, wielding a +0 battleaxe and wearing a +0 chain mail (heavily wounded, ally target, about 37% to evade your +1 dagger of draining)
Okay, then.
Unknown command.
Unknown command.
Hit: a) +1 dagger (drain)
Press: ? - help, Dir - move target, f - orc warrior
Aim: an orc warrior, wielding a +0 battleaxe and wearing a +0 chain mail (heavily wounded, ally target, about 37% to evade your +1 dagger of draining)
Okay, then.
Unknown command.
Okay, then.
Unknown command.
A red film seems to cover your vision as you go berserk!
You feel yourself moving faster!
You feel mighty!
The foxfire hits the orc warrior but does no damage.
The orc warrior is heavily wounded.
The foxfire hits the orc warrior.
The orc warrior is heavily wounded.
The orc hits you with a +0 war axe.
* * * LOW HITPOINT WARNING * * *
The ice beast closely misses you.
The orc warrior hits you with a +0 battleaxe!
You die...

....##..K. ∆ ##...
.KK...............
#..#
.................
##.#
.................
?..............
...............
...............
..$....oo......
.......@Y......
...##.§.##.....
∆......# ...
#.#...... .
#...#.? #####..#
##.# .#


You could see an orc warrior, an ice beast and an orc.

Vanquished Creatures
  2 black bears (D:4)
  3 ogres
  A phantom (D:4)
  2 necrophages
  3 scorpions
  3 hounds
  2 orc priests (D:4)
  2 iguanas
  4 gnolls (D:4)
  9 adders
  An ufetubus (D:5)
  2 dart slugs
  2 worms
  10 orcs
  3 endoplasms
  A giant cockroach (D:1)
  2 goblins
  6 hobgoblins
  8 ball pythons
  3 bats
  3 frilled lizards
  7 kobolds
  4 rats
83 creatures vanquished.

Vanquished Creatures (collateral kills)
  A foxfire (D:4)
1 creature vanquished.

Vanquished Creatures (others)
  433 foxfires
  2 plants (D:4)
435 creatures vanquished.

Grand Total: 519 creatures vanquished

Notes
Turn   | Place    | Note
-------+----------+-------------------------------------------
     0 | D:1      | Reached skill level 11 in Spellcasting
     0 | D:1      | Jase the Gnoll Wanderer began the quest for the Orb.
     0 | D:1      | Jase set off with the following items: a +0 club, a scroll
                  | of vulnerability, a potion of curing, a +0 robe, a scroll
                  | of fog; and the following spells available to memorise:
                  | Foxfire, Magic Dart, Summon Small Mammal, Vampiric
                  | Draining.
     0 | D:1      | Reached XP level 1. HP: 23/23 MP: 12/12
    39 | D:1      | Upgraded the game from 0.30-a0-571-gdf30a72648 to
                  | 0.30-a0-830-gfe289a77b0
   118 | D:1      | Learned a level 1 spell: Foxfire
   286 | D:1      | Reached XP level 2. HP: 29/29 MP: 10/14
  1039 | D:2      | Reached XP level 3. HP: 35/35 MP: 6/15
  1119 | D:2      | Reached skill level 1 in Invocations
  1657 | D:3      | Noticed an ogre
  1854 | D:3      | Found a glowing silver altar of Zin.
  1954 | D:3      | Reached skill level 1 in Short Blades
  1954 | D:3      | Reached skill level 1 in Long Blades
  1954 | D:3      | Reached skill level 1 in Axes
  1954 | D:3      | Reached skill level 1 in Maces & Flails
  1954 | D:3      | Reached skill level 1 in Polearms
  1954 | D:3      | Reached skill level 1 in Staves
  1954 | D:3      | Reached skill level 1 in Ranged Weapons
  1954 | D:3      | Reached skill level 1 in Throwing
  1954 | D:3      | Reached skill level 1 in Dodging
  1954 | D:3      | Reached skill level 1 in Stealth
  1954 | D:3      | Reached skill level 1 in Shields
  1954 | D:3      | Reached skill level 1 in Unarmed Combat
  1954 | D:3      | Reached skill level 1 in Evocations
  2012 | D:3      | Reached XP level 4. HP: 41/41 MP: 11/17
  2081 | D:3      | Upgraded the game from 0.30-a0-830-gfe289a77b0 to
                  | 0.30-a0-840-ga523dec638
  2205 | D:3      | Reached skill level 1 in Conjurations
  2205 | D:3      | Reached skill level 1 in Hexes
  2205 | D:3      | Reached skill level 1 in Summonings
  2205 | D:3      | Reached skill level 1 in Necromancy
  2205 | D:3      | Reached skill level 1 in Translocations
  2205 | D:3      | Reached skill level 1 in Transmutations
  2205 | D:3      | Reached skill level 1 in Fire Magic
  2205 | D:3      | Reached skill level 1 in Ice Magic
  2205 | D:3      | Reached skill level 1 in Air Magic
  2205 | D:3      | Reached skill level 1 in Earth Magic
  2205 | D:3      | Reached skill level 1 in Poison Magic
  2361 | D:3      | Killed an ogre
  2362 | D:3      | Reached XP level 5. HP: 35/47 MP: 10/18
  2450 | D:3      | Noticed an ogre
  2456 | D:3      | Killed an ogre
  2457 | D:3      | Reached XP level 6. HP: 53/53 MP: 12/20
  2838 | D:4      | Noticed a black bear
  2846 | D:4      | Killed a black bear
  2847 | D:4      | Reached XP level 7. HP: 58/60 MP: 14/22
  3279 | D:4      | Found a staircase to the Ecumenical Temple.
  3358 | Temple   | Entered the Ecumenical Temple
  3491 | Temple   | Became a worshipper of Dithmenos the Shadowed
  3614 | D:4      | Reached XP level 8. HP: 67/67 MP: 18/23
  3953 | D:5      | Entered Level 5 of the Dungeon
  4911 | D:6      | HP: 2/100 [orc/+0 war axe (4)]
  4911 | D:6      | Mangled by an orc warrior

Illustrated notes

Levels and vault maps discovered:
D:1:      dpeg_arrival_erosion, layout_loops_cross, hangedman_glass_teeth,
          nicolae_concentric_dashed_squares_wild, chequers_jeans,
          dk_noncrumbling_4
D:2:      layout_rooms
D:3:      cheibrodos_helix_gallery, layout_loops_ring, zin_statuary
D:4:      layout_cave_pools, minmay_temple_entry_gardened_gates
D:5:      layout_gridville
D:6:      layout_cave_pools, portal_sewer_entry_d
Temple:   nicolae_temple_two_arcs

Skill      XL: |  1  2  3  4  5  6  7 |
---------------+----------------------+-----
Spellcasting   | | 11.8
Invocations    | 1 2 3 |  3.7
Short Blades   | 1 2 3 |  3.4
Long Blades    | 1 2 3 |  3.4
Axes           | 1 2 3 |  3.4
Maces & Flails | 1 2 3 |  3.4
Polearms       | 1 2 3 |  3.4
Staves         | 1 2 3 |  3.4
Ranged Weapons | 1 2 3 |  3.4
Throwing       | 1 2 3 |  3.4
Dodging        | 1 2 3 |  3.4
Stealth        | 1 2 3 |  3.4
Shields        | 1 2 3 |  3.4
Unarmed Combat | 1 2 3 |  3.4
Evocations     | 1 2 3 |  3.4
Conjurations   | 1 2 |  2.7
Hexes          | 1 2 |  2.7
Summonings     | 1 2 |  2.7
Necromancy     | 1 2 |  2.7
Translocations | 1 2 |  2.7
Transmutations | 1 2 |  2.7
Fire Magic     | 1 2 |  2.7
Ice Magic      | 1 2 |  2.7
Air Magic      | 1 2 |  2.7
Earth Magic    | 1 2 |  2.7
Poison Magic   | 1 2 |  2.7
Armour         | 3 4 |  4.3
Fighting       | 7 |  7.4

Action                     |  1- 3 |  4- 6 |  7- 9 || total
---------------------------+-------+-------+-------++-------
  Melee: Short sword       |    12 |       |       ||    12
         Bite              |     3 |       |       ||     3
         Club              |     1 |       |       ||     1
         Dagger            |     3 |     2 |     4 ||     9
   Cast: Foxfire           |    69 |    55 |   127 ||   251
    Use: Scroll            |       |       |     5 ||     5
         Potion            |       |       |     1 ||     1
   Stab: Sleeping          |       |       |     1 ||     1
 Armour: Robe              |     4 |     2 |    10 ||    16
  Dodge: Dodged            |    10 |     7 |    27 ||    44

Table legend: (Time is in decaauts)
 A = Elapsed time spent in this place.
 B = Non-inter-level travel time spent in this place.
 C = Inter-level travel time spent in this place.
 D = Time resting spent in this place.
 E = Time spent auto-exploring this place.
 F = Levels seen in this place.
 G = Mean time per level.
                   A        B        C        D        E       F      G
               +--------+--------+--------+--------+--------+-----+--------+
         Total |   4913 |   4655 |    258 |    642 |   3269 |   7 |  701.9 |
       Dungeon |   4771 |   4513 |    258 |    642 |   3163 |   6 |  795.2 |
        Temple |    141 |    141 |      0 |      0 |    106 |   1 |  141.0 |
               +--------+--------+--------+--------+--------+-----+--------+

Top non-repeatable levels by time:
     D:3: 1334 daAuts
     D:1: 956 daAuts
     D:5: 927 daAuts
     D:4: 836 daAuts
     D:2: 685 daAuts
  Temple: 141 daAuts
     D:6: 31 daAuts
